 Dungeon Crawl Stone Soup version 0.27-a0-1188-g73eefd5def (webtiles) character file.

Game seed: 11395540879696513351

43 leviel the Skirmisher (level 3, -2/33 HPs)
             Began as a Hill Orc Abyssal Knight on May 21, 2021.
             Was a Follower of Lugonu.
             Splashed by a jelly's acid (8 damage)
             ... on level 3 of the Dungeon.
             The game lasted 00:02:35 (1879 turns).

leviel the Skirmisher (Hill Orc Abyssal Knight)     Turns: 1879, Time: 00:02:35

Health: -2/33      AC:  1    Str: 15    XL:     3   Next: 58%
Magic:  5/5        EV:  5    Int: 12    God:    Lugonu [*.....]
Gold:   80         SH: 10    Dex: 10    Spells: 2/2 levels left

rFire    + . .     SeeInvis .   a - +1 falchion
rCold    . . .     Faith    .   i - +0 tower shield
rNeg     . . .     Spirit   .   h - +0 ring mail
rPois    .         Reflect  .   (no helmet)
rElec    .         Harm     .   (no cloak)
rCorr    .         Rampage  .   (no gloves)
Will     .....                  (no boots)
Stlth    ..........             (no amulet)
HPRegen  0.11/turn              d - ring of protection from fire
MPRegen  0.09/turn              (no ring)

@: corroded
A: no striking features
a: Renounce Religion, Depart the Abyss


You were on level 3 of the Dungeon.
You worshipped Lugonu.
Lugonu was aware of your devotion.
You visited 1 branch of the dungeon, and saw 3 of its levels.
You visited the Abyss 1 time.

You collected 80 gold pieces.

Inventory:

Hand Weapons
 a - a +1 falchion (weapon)
Armour
 h - a +0 ring mail (worn)
 i - a +0 tower shield (worn)
Jewellery
 d - a ring of protection from fire (left hand)
Potions
 b - a potion of might {unknown}
 c - a potion of curing
 e - a potion of mutation {unknown}
 f - a potion of berserk rage {unknown}
 g - a potion of degeneration {unknown}
 k - a potion of invisibility {unknown}


   Skills:
 + Level 3.9 Fighting
 + Level 2.6 Long Blades
 + Level 2.6 Armour
 + Level 1.2 Dodging
 * Level 3.4 Invocations


You had 2 spell levels left.
You didn't know any spells.
Your spell library contained the following spells:

 Spells                   Type           Power      Damage    Failure   Level
 Foxfire                  Conj/Fire      0%         2x1d4     100%        1
 Conjure Flame            Conj/Fire      0%         6-21      100%        3
 Inner Flame              Hex/Fire       0%         N/A       100%        3
 Sticky Flame             Conj/Fire      0%         2d3       100%        4
 Fireball                 Conj/Fire      0%         3d3       100%        5


Dungeon Overview and Level Annotations

Branches:
Dungeon (3/15)

Altars:

Shops:
D:2 (:?*   D:3 (


Message History

(D) Dungeon
Where to? (Enter - D:2, ? - help)
There is a stone staircase leading down here.
You climb downwards.
Found a viscous purple potion.
Found a stone staircase leading down and a stone staircase leading up.
There is a stone staircase leading up here.
No target in view!
No target in view!
k - a viscous purple potion You open the door.
There is an open door here.
There is an open door here.
You open the door.
Found a club.
There is an open door here.
You see here a +0 club.
A jelly comes into view.
As you read the scroll labelled WUSTES YZOO, it crumbles to dust.
It is a scroll of identify.
c - a potion of curing
Found Tissymax's Antique Weapon Shoppe.
You hit the jelly.
Your hands burn!
The jelly is moderately wounded.
The jelly hits you. The acid corrodes you!
You are splashed with acid!
You are too injured to fight recklessly!
You are too injured to fight recklessly!
You are too injured to fight recklessly!
Unknown command.
You are too injured to fight recklessly!
You hit the jelly but do no damage.
Your hands burn!
The jelly is moderately wounded.
You block the jelly's attack. x2
You hit the jelly.
Your hands burn!
* * * LOW HITPOINT WARNING * * *
The jelly is moderately wounded.
The jelly hits you.
* * * LOW HITPOINT WARNING * * *
You are splashed with acid!
You die...

....# ####....
....... #.....
#.... #...######
#.J....... #######
#@.∩# ### #.....#
#.#.# .#..##.....#
#.# # ...........#
#.# ...........#
#.#
........)..#####.#
.........#.......#
.#######.#.#######
####'#+###


You could see a jelly.

Vanquished Creatures
  A worm (D:2)
  An endoplasm (D:1)
  6 goblins
  7 hobgoblins
  2 jackals (D:1)
  3 kobolds
  3 quokkas
  4 ball pythons
  4 bats
  2 frilled lizards
  2 rats
35 creatures vanquished.

Vanquished Creatures (others)
  A withered plant (D:2)
1 creature vanquished.

Grand Total: 36 creatures vanquished

Notes
Turn   | Place    | Note
-------+----------+-------------------------------------------
     0 | Abyss:1  | leviel the Hill Orc Abyssal Knight began the quest for the
                  | Orb.
     0 | Abyss:1  | Reached XP level 1. HP: 19/19 MP: 2/2
    14 | Abyss:1  | Found a corrupted altar of Lugonu.
    58 | Abyss:1  | Noticed a small abomination
    59 | D:1      | Escaped the Abyss
   298 | D:1      | Reached XP level 2. HP: 25/27 MP: 4/4
   332 | D:1      | Reached skill level 1 in Dodging
   524 | D:1      | Reached * piety under Lugonu
   951 | D:2      | Reached XP level 3. HP: 31/33 MP: 5/5
  1136 | D:2      | Found Iheom's Weapon Emporium.
  1241 | D:2      | Found Teluutoj's Magic Scroll Shop.
  1401 | D:2      | Found Feuphine's Book Emporium.
  1431 | D:2      | Found Ryfroaf's General Store.
  1504 | D:2      | Found a faded altar of an unknown god.
  1875 | D:3      | Found Tissymax's Antique Weapon Shoppe.
  1879 | D:3      | Splashed by a jelly's acid

Illustrated notes

Levels and vault maps discovered:
D:1:      minmay_arrival_open_corners, layout_basic, corexii_leaking_fountain
D:2:      layout_loops_ring, serial_shops, shop, shop, shop, shop_statue,
          ebering_ecumenical_altar_petrified
D:3:      layout_basic, lemuel_doored_altar, serial_shops, shop,
          nicolae_shop_statue_plus, shop, shop, grunt_decor_resistance

Skill      XL: |  1  2 |
---------------+-------+-----
Dodging        | 1 |  1.2
Invocations    | 3 |  3.4
Fighting       | |  3.9
Long Blades    | |  2.6
Armour         | |  2.6

Action                   || total
-------------------------++-------
Melee: Falchion          ||    95
Invok: Depart the Abyss  ||     1
  Use: Scroll            ||     3
Armor: Leather armour    ||    16
       Ring mail         ||     6
Dodge: Dodged            ||    57
Block: Tower shield      ||    11
       Rpst.: Falchion   ||    28

Table legend: (Time is in decaauts)
 A = Elapsed time spent in this place.
 B = Non-inter-level travel time spent in this place.
 C = Inter-level travel time spent in this place.
 D = Time resting spent in this place.
 E = Time spent auto-exploring this place.
 F = Levels seen in this place.
 G = Mean time per level.
                   A        B        C        D        E       F      G
               +--------+--------+--------+--------+--------+-----+--------+
         Total |   1902 |   1835 |     67 |      0 |   1572 |   4 |  475.5 |
       Dungeon |   1843 |   1776 |     67 |      0 |   1518 |   3 |  614.3 |
         Abyss |     59 |     59 |      0 |      0 |     54 |   1 |   59.0 |
               +--------+--------+--------+--------+--------+-----+--------+

Top non-repeatable levels by time:
     D:2: 957 daAuts
     D:1: 844 daAuts
 Abyss:1: 59 daAuts
     D:3: 42 daAuts
